 Dungeon Crawl Stone Soup version 0.30-a0-591-g3c58d2bc28 (webtiles) character file.

Game seed: 6487566137248803463

42 wormed the Insei (level 3, -3/23 HPs)
             Began as an Octopode Transmuter on Jan 5, 2023.
             Slain by a black bear (7 damage)
             ... on level 2 of the Dungeon.
             The game lasted 00:02:53 (1459 turns).

wormed the Insei (Octopode Transmuter)              Turns: 1459, Time: 00:02:53

Health: -3/23      AC:  1    Str:  9    XL:     3   Next: 54%
Magic:  5/6        EV: 13    Int: 17    God:
Gold:   171        SH:  0    Dex: 12    Spells: 3/6 levels left

rFire   . . .      SeeInvis +      - Unarmed
rCold   . . .      Faith    .    (no shield)
rNeg    . . .      Spirit   .    (helmet currently unavailable)
rPois   .          Reflect  .    (no amulet)
rElec   .          Harm     .    c - ring of see invisible
rCorr   .          Rampage  .    (no ring)
Will    .....                    (no ring)
Stlth   ++                       (no ring)
HPRegen 0.23/turn                (no ring)
MPRegen 0.10/turn                (no ring)
                                 (no ring)
                                 (no ring)

@: lethally poisoned (-3 -> -4), appendages (expiring), wereblooded (expiring),
hasted, very quick
A: tentacle spike 3, almost no armour, amphibious, 8 rings, camouflage 1,
gelatinous body 1, (nimble swimmer 1), tentacles
a: End Transformation


You were on level 2 of the Dungeon.
One of your tentacles had grown a beastly spike.
You visited 1 branch of the dungeon, and saw 3 of its levels.

You collected 171 gold pieces.

Inventory:

Jewellery
 c - a ring of see invisible (left tentacle)
Potions
 a - a potion of lignification
 b - a potion of cancellation {unknown}
 d - a potion of heal wounds
 e - a potion of attraction {unknown}
 h - a potion of degeneration


   Skills:
 + Level 1.5 Fighting
 + Level 2.2 Dodging
 + Level 3.2 Unarmed Combat
 + Level 2.2 Spellcasting
 * Level 2.7 Transmutations
 + Level 0.6 Ice Magic


You had 3 spell levels left.
You knew the following spells:

 Your Spells              Type           Power      Damage    Failure   Level
a - Beastly Appendage     Tmut           22%        N/A       6%          1
b - Wereblood             Tmut           11%        N/A       10%         2

Your spell library contained the following spells:

 Spells                   Type           Power      Damage    Failure   Level
 Spider Form              Tmut/Pois      6%         N/A       32%         3
 Ozocubu's Armour         Ice            4%         N/A       41%         3
 Ice Form                 Ice/Tmut       7%         N/A       67%         4
 Ozocubu's Refrigeration  Ice            2%         4d7       100%        7


Dungeon Overview and Level Annotations

Branches:
Dungeon (3/15)

Altars:

Annotations:
D:2 1 runed translucent door, Crazy Yiuf


Innate Abilities, Weirdness & Mutations

One of your tentacles has grown a beastly spike.
You cannot wear most types of armour.
You are amphibious.
You can wear up to eight rings at the same time.
Your skin changes colour to match your surroundings (Stealth+).
Your rubbery body absorbs attacks. (AC +1, EV +1)
((You are camouflaged when in or above water. (Stealth+)))
You have tentacles for arms and can constrict up to eight enemies at once.


Message History

e - a viscous grey potion A rat comes into view.
A rat is nearby!
Casting: Wereblood (safe; 10% risk of failure)
Confirm with . or Enter, or press ? or * to list all spells.
One of your tentacles grows a vicious spike.
Casting: Beastly Appendage (safe; 6% risk of failure)
Confirm with . or Enter, or press ? or * to list all spells.
Your blood is infused with primal strength.
You tentacle-slap the rat but do no damage.
You grab the rat.
You pierce the rat.
You kill the rat!
A black bear is nearby!
You howl as the wereblood boils in your veins!
The adder hisses angrily.
The black bear growls angrily.
You howl as the wereblood boils in your veins!
Your transformation is almost over.
The adder closely misses you. The adder attacks as you move away!
The adder bites you.
You are poisoned.
The adder poisons you!
Your primal bloodlust is almost over.
You feel sick. The black bear misses you.
The black bear claws you but does no damage.
The black bear claws you.
There is a stone staircase leading up here.
You feel sick. The black bear barely misses you. x3
The adder bites you but does no damage.
You climb upwards.
Level annotation: 1 runed translucent door, Crazy Yiuf You howl as the wereblood boils in your veins!
You feel sick.
There is a stone staircase leading down here.
The black bear attacks as you move away!
The black bear bites you. The black bear claws you. x2
* * * LOW HITPOINT WARNING * * *
You feel sick. The adder misses you. x2
You feel yourself speed up.
You feel sick. The black bear bites you!
You die...

#..##.#..............#
##..##................#
#...####..).....(.....#
#...# #..............##
##...# #................
#....####.........###.###
#.......#.........###....
###....##hS...........####.
#....#..##@.####.#..#.#####
#.##+##.#..## #.#..#.....#
#'#♣.##...## #....#####.#
#...≈#.#..#### ##.<.# #.#
#.≈≈≈#.......#####..### #..
#.≈###....##..........#####
#'##.##.#..###............#
#..#.##....# #.............
##...###...###........#.#..


You could see a black bear and an adder.

Vanquished Creatures
  5 bats
  4 endoplasms
  2 giant cockroaches
  A goblin (D:2)
  6 hobgoblins
  3 kobolds
  3 quokkas
  3 ball pythons (D:2)
  2 frilled lizards (D:1)
  8 rats
37 creatures vanquished.

Notes
Turn   | Place    | Note
-------+----------+-------------------------------------------
     0 | D:1      | wormed the Octopode Transmuter began the quest for the Orb.
     0 | D:1      | Reached XP level 1. HP: 13/13 MP: 3/3
   201 | D:1      | Reached XP level 2. HP: 18/18 MP: 3/5
   613 | D:2      | Reached XP level 3. HP: 20/23 MP: 6/6
   616 | D:2      | Learned a level 2 spell: Wereblood
  1027 | D:2      | Found a runed translucent door.
  1028 | D:2      | Noticed Crazy Yiuf
  1322 | D:3      | Noticed a black bear
  1459 | D:2      | Slain by a black bear

Illustrated notes

Levels and vault maps discovered:
D:1:      dpeg_arrival_rooms_c, layout_rooms
D:2:      layout_rooms, st_stairs_6, kennysheep_nondescript,
          minmay_tetromino_o4, uniq_crazy_yiuf_cottage
D:3:      layout_rooms

Action                   || total
-------------------------++-------
Melee: Unarmed           ||    68
       Tentacles         ||     9
       Kick              ||    20
       Constrict         ||    17
       Punch             ||     1
 Cast: Beastly Appendage ||    19
       Wereblood         ||     5
  Use: Scroll            ||     6
       Potion            ||     1
 Stab: Sleeping          ||     3
Armor: Skin              ||     5
Dodge: Dodged            ||    47

Table legend: (Time is in decaauts)
 A = Elapsed time spent in this place.
 B = Non-inter-level travel time spent in this place.
 C = Inter-level travel time spent in this place.
 D = Time resting spent in this place.
 E = Time spent auto-exploring this place.
 F = Levels seen in this place.
 G = Mean time per level.
                   A        B        C        D        E       F      G
               +--------+--------+--------+--------+--------+-----+--------+
         Total |   1454 |   1336 |    118 |      0 |   1047 |   3 |  484.7 |
       Dungeon |   1454 |   1336 |    118 |      0 |   1047 |   3 |  484.7 |
               +--------+--------+--------+--------+--------+-----+--------+

Top non-repeatable levels by time:
     D:2: 799 daAuts
     D:1: 595 daAuts
     D:3: 59 daAuts
